cohdb
Replays
Latest Replays
All Replays
Popular Replays
Top Player Replays
Match Explorer
How It Works
Community
CoH3 Stats
Reddit
Sign in to upload your games and track your stats! →
Sign in with Steam
Match 42006715
Unlisted
Match 42006715
Overview
Messages
Build Orders
End
Construct Barracks
Riflemen Squad
1⁄4-ton 4x4 Truck
Riflemen Squad
Selects Airborne Battlegroup
Selects Heavy Machine Gun Paradrop
Heavy Machine Gun Paradrop
Grenade Package
Selects Paratrooper Squad Paradrop
Paratrooper Squad Paradrop
Selects Anti-tank Gun Team Paradrop
Anti-tank Gun Team Paradrop
Riflemen Squad
Air Support Center
Selects Recon Loiter
Selects Supply Drop
Recon Loiter
P-47 Strafing Run
Paratrooper Squad Paradrop
Grasshopper Recon Run
Anti-tank Gun Team Paradrop
Construct Tank Depot
Grasshopper Recon Run
Strider_perc
KevinTDW
Βηc|Diamondback
Friedhelm Winter
SKOBADARK
Caveira-.
0
0
Comments
sign in to comment!
No comments posted yet!